TOP OF THE 1ST |
Clemson University Tigers batting - Pitching for Oklahoma State University Cowboys : RHP Cole Roome
|
Pitching: RHP Cole Roome
|
|
Batting: RHB Ryan Thurston
|
0-0: Called Strike 0-1: Ground out 6-3 (Groundball, 6, EV 82.5 MPH)
|
Batting: LHB Jayden Pelayo
|
0-0: Called Strike 0-1: Swinging Strike 0-2: Ball 1-2: Ball 2-2: Foul Ball, location: 2F 2-2: Strikes out looking
|
Batting: RHB Chris Prinzing
|
0-0: Called Strike 0-1: Fly out, F9 (Line Drive, 9, EV 89.4 MPH)
|
Top of the 1st over - 0 runs, 0 hits, 0 errors, 0 left on base; Clemson University 0 - Oklahoma State University 0 |
BOTTOM OF THE 1ST |
Oklahoma State University Cowboys batting - Pitching for Clemson University Tigers : RHP Butch Powers
|
Pitching: RHP Butch Powers
|
|
Batting: RHB Settan Nakamura
|
0-0: Called Strike 0-1: Ball 1-1: Fly out, F8 (Flyball, 78D, EV 96.9 MPH)
|
Batting: RHB Ji-an See-to
|
0-0: Ball 1-0: Foul Ball, location: 2F 1-1: Ball 2-1: Foul Ball, location: 2F 2-2: Ball 3-2: Fly out, F8 (Flyball, 8RXD, EV 98.1 MPH)
|
Batting: RHB Ben Saxton
|
0-0: Called Strike 0-1: Ball 1-1: Fly out, F9 (Line Drive, 89M, EV 110.0 MPH)
|
Bottom of the 1st over - 0 runs, 0 hits, 0 errors, 0 left on base; Clemson University 0 - Oklahoma State University 0 |
TOP OF THE 2ND |
Clemson University Tigers batting - Pitching for Oklahoma State University Cowboys : RHP Cole Roome
|
Batting: RHB Jorge Alva
|
0-0: Reached on error, E8 (Flyball, 8RD, EV 100.0 MPH)
|
Batting: RHB Josh LeSage
|
0-0: Ball 1-0: Foul Ball, location: 2F 1-1: Ball 2-1: Foul Ball, location: 2F 2-2: Strikes out swinging
|
Batting: LHB Jackson Wither
|
0-0: Ball 1-0: Called Strike 1-1: Ball 2-1: Ground out 4-3 (Groundball, 4, EV 91.9 MPH) Jorge Alva to third
|
Batting: LHB Victor Reyna
|
0-0: Ball 1-0: Fly out, F4 (Popup, 4, EV 59.4 MPH)
|
Top of the 2nd over - 0 runs, 0 hits, 1 error, 1 left on base; Clemson University 0 - Oklahoma State University 0 |
BOTTOM OF THE 2ND |
Oklahoma State University Cowboys batting - Pitching for Clemson University Tigers : RHP Butch Powers
|
Batting: LHB Rafael Banda
|
0-0: Called Strike 0-1: DOUBLE (Groundball, 3L, EV 105.6 MPH)
|
Batting: RHB Masakuni Takeuchi
|
0-0: Called Strike 0-1: Swinging Strike 0-2: Strikes out swinging
|
Batting: LHB Vecdi Ertegun
|
0-0: Ball 1-0: Ball 2-0: Foul Ball, location: 2F 2-1: Foul Ball, location: 2F 2-2: Ground out 6-3 (Groundball, 6, EV 83.1 MPH)
|
Batting: RHB Pedro Luera
|
0-0: Called Strike 0-1: Ball 1-1: Foul Ball, location: 2F 1-2: DOUBLE (Line Drive, 3D, EV 95.0 MPH) Rafael Banda scores
|
Batting: LHB Gong Tow
|
0-0: Ball 1-0: Fly out, F9 (Flyball, 9D, EV 102.5 MPH)
|
Bottom of the 2nd over - 1 run, 2 hits, 0 errors, 1 left on base; Clemson University 0 - Oklahoma State University 1 |
TOP OF THE 3RD |
Clemson University Tigers batting - Pitching for Oklahoma State University Cowboys : RHP Cole Roome
|
Batting: RHB Neal Perucci
|
0-0: Foul Ball, location: 2F 0-1: Called Strike 0-2: Ball 1-2: Ball 2-2: Ball 3-2: Fly out, F7 (Line Drive, 7, EV 86.9 MPH)
|
Batting: RHB Donovan Deason
|
0-0: Fly out, F7 (Flyball, 78D, EV 95.0 MPH)
|
Batting: RHB Ryan Thurston
|
0-0: Ball 1-0: DOUBLE (Line Drive, 89D, EV 107.5 MPH)
|
Batting: LHB Jayden Pelayo
|
0-0: Called Strike 0-1: Ball 1-1: Fly out, F7 (Flyball, 7LM, EV 96.2 MPH)
|
Top of the 3rd over - 0 runs, 1 hit, 0 errors, 1 left on base; Clemson University 0 - Oklahoma State University 1 |
BOTTOM OF THE 3RD |
Oklahoma State University Cowboys batting - Pitching for Clemson University Tigers : RHP Butch Powers
|
Batting: LHB Jose Peralez
|
0-0: SINGLE (Line Drive, 8RS, EV 110.6 MPH)
|
Batting: RHB Settan Nakamura
|
0-0: Foul Ball, location: 2F 0-1: Grounds into double play, 6-4-3 (Groundball, 6, EV 84.4 MPH)
|
Batting: RHB Ji-an See-to
|
0-0: Ball 1-0: Foul Ball, location: 2F 1-1: Foul Ball, location: 2F 1-2: Foul Ball, location: 2F 1-2: Ball 2-2: SINGLE (Groundball, 6MD, EV 96.2 MPH)
|
Batting: RHB Ben Saxton
|
0-0: Ball 1-0: SINGLE (Groundball, 6MD, EV 100.6 MPH) Ji-an See-to to second Runner from 2nd tries for 3rd, SAFE, throw by CF made to third
|
Batting: LHB Rafael Banda
|
0-0: Ball 1-0: Ball 2-0: Ball 3-0: Called Strike 3-1: Base on Balls Ben Saxton to second
|
Batting: RHB Masakuni Takeuchi
|
0-0: Called Strike 0-1: Fielders Choice at 2nd, 6-4 (Groundball, 6, EV 105.6 MPH)
|
Bottom of the 3rd over - 0 runs, 3 hits, 0 errors, 3 left on base; Clemson University 0 - Oklahoma State University 1 |
TOP OF THE 4TH |
Clemson University Tigers batting - Pitching for Oklahoma State University Cowboys : RHP Cole Roome
|
Batting: RHB Chris Prinzing
|
0-0: Foul Ball, location: 2F 0-1: Fly out, F8 (Flyball, 8LD, EV 102.5 MPH)
|
Batting: RHB Jorge Alva
|
0-0: Ball 1-0: Called Strike 1-1: Fly out, F7 (Flyball, 7D, EV 102.5 MPH)
|
Batting: RHB Josh LeSage
|
0-0: Foul Ball, location: 2F 0-1: Ground out 6-3 (Groundball, 6, EV 93.8 MPH)
|
Top of the 4th over - 0 runs, 0 hits, 0 errors, 0 left on base; Clemson University 0 - Oklahoma State University 1 |
BOTTOM OF THE 4TH |
Oklahoma State University Cowboys batting - Pitching for Clemson University Tigers : RHP Butch Powers
|
Batting: LHB Vecdi Ertegun
|
0-0: Ball 1-0: Ball 2-0: Ball 3-0: SINGLE (Line Drive, 8RS, EV 100.0 MPH)
|
Batting: RHB Pedro Luera
|
0-0: Ball Vecdi Ertegun steals 2nd base 1-0: Ball Wild Pitch! Vecdi Ertegun to third 2-0: Fly out, F8 (Flyball, 8LD, EV 100.6 MPH) Runner from 3rd tags up, SCORES, throw by CF
|
Batting: LHB Gong Tow
|
0-0: Ball 1-0: SINGLE (Flyball, 8LS, EV 92.5 MPH)
|
Batting: LHB Jose Peralez
|
0-0: Foul Ball, location: 2F 0-1: Ball Wild Pitch! Gong Tow to second 1-1: Foul Ball, location: 2F 1-2: Ball 2-2: Fly out, F7 (Line Drive, 7, EV 97.5 MPH)
|
Batting: RHB Settan Nakamura
|
0-0: Ground out 5-3 (Groundball, 56S, EV 69.4 MPH)
|
Bottom of the 4th over - 1 run, 2 hits, 0 errors, 1 left on base; Clemson University 0 - Oklahoma State University 2 |
TOP OF THE 5TH |
Clemson University Tigers batting - Pitching for Oklahoma State University Cowboys : RHP Cole Roome
|
Batting: LHB Jackson Wither
|
0-0: Called Strike 0-1: Ball 1-1: Ball 2-1: Ground out 6-3 (Groundball, 56, EV 109.4 MPH)
|
Batting: LHB Victor Reyna
|
0-0: Called Strike 0-1: SINGLE (Flyball, 4D, EV 93.1 MPH)
|
Batting: RHB Neal Perucci
|
0-0: Swinging Strike 0-1: Swinging Strike 0-2: Foul Ball, location: 2F 0-2: Foul Ball, location: 2F 0-2: Foul Ball, location: 2F 0-2: SINGLE (Flyball, 8RS, EV 91.2 MPH) Victor Reyna to second Runner from 2nd tries for 3rd, SAFE, throw by CF made to third
|
Batting: RHB Donovan Deason
|
0-0: Ball 1-0: Foul Ball, location: 2F 1-1: Called Strike 1-2: Grounds into double play, 4-6-3 (Groundball, 4, EV 98.8 MPH)
|
Top of the 5th over - 0 runs, 2 hits, 0 errors, 1 left on base; Clemson University 0 - Oklahoma State University 2 |
BOTTOM OF THE 5TH |
Oklahoma State University Cowboys batting - Pitching for Clemson University Tigers : RHP Butch Powers
|
Batting: RHB Ji-an See-to
|
0-0: Called Strike 0-1: Foul Ball, location: 2F 0-2: Ball 1-2: Foul Ball, location: 2F 1-2: Ball 2-2: Ball 3-2: SINGLE (Line Drive, 4M, EV 94.4 MPH)
|
Batting: RHB Ben Saxton
|
0-0: Foul Ball, location: 2F 0-1: Ball 1-1: Foul Ball, location: 2F 1-2: Grounds into double play, 4-6-3 (Groundball, 4S, EV 79.4 MPH)
|
Batting: LHB Rafael Banda
|
0-0: Foul Ball, location: 2F 0-1: Swinging Strike 0-2: Ball 1-2: SINGLE (Groundball, 34D, EV 94.4 MPH)
|
Batting: RHB Masakuni Takeuchi
|
0-0: Ball 1-0: Swinging Strike 1-1: Ball 2-1: Ball 3-1: Base on Balls Rafael Banda to second
|
Pitching: RHP Cong Tung
|
|
Batting: LHB Vecdi Ertegun
|
0-0: Called Strike 0-1: Ball 1-1: Fly out, F9 (Flyball, 89D, EV 90.6 MPH)
|
Bottom of the 5th over - 0 runs, 2 hits, 0 errors, 2 left on base; Clemson University 0 - Oklahoma State University 2 |
TOP OF THE 6TH |
Clemson University Tigers batting - Pitching for Oklahoma State University Cowboys : RHP Cole Roome
|
Batting: RHB Ryan Thurston
|
0-0: Called Strike 0-1: Ball 1-1: Foul Ball, location: 2F 1-2: Foul Ball, location: 2F 1-2: Ball 2-2: Foul Ball, location: 2F 2-2: Ground out 6-3 (Groundball, 6, EV 106.9 MPH)
|
Batting: LHB Jayden Pelayo
|
0-0: SOLO HOME RUN (Flyball, 7D, EV 100.6 MPH), Distance : 384 ft
|
Batting: RHB Chris Prinzing
|
0-0: Ball 1-0: Ball 2-0: Called Strike 2-1: SINGLE (Line Drive, 7S, EV 105.6 MPH)
|
Batting: RHB Jorge Alva
|
0-0: Called Strike 0-1: SINGLE (Groundball, 56D, EV 99.4 MPH) Chris Prinzing to second
|
Batting: RHB Josh LeSage
|
0-0: Ball 1-0: Fly out, F8 (Line Drive, 8RD, EV 98.8 MPH)
|
Pinch Hitting: RHB Juan Barela
|
0-0: Ball 1-0: Ball 2-0: Ball 3-0: Called Strike 3-1: Foul Ball, location: 2F 3-2: Base on Balls Chris Prinzing to third Jorge Alva to second
|
Batting: LHB Victor Reyna
|
0-0: Fly out, F7 (Flyball, 7S, EV 78.8 MPH)
|
Top of the 6th over - 1 run, 3 hits, 0 errors, 3 left on base; Clemson University 1 - Oklahoma State University 2 |
BOTTOM OF THE 6TH |
Oklahoma State University Cowboys batting - Pitching for Clemson University Tigers : RHP Cong Tung
|
Now at 1B: Jason Duncan
|
|
Now at 3B: Donovan Deason
|
|
Batting: RHB Pedro Luera
|
0-0: Foul Ball, location: 2F 0-1: Foul Ball, location: 2F 0-2: SOLO HOME RUN (Line Drive, 7D, EV 98.8 MPH), Distance : 387 ft
|
Batting: LHB Gong Tow
|
0-0: Called Strike 0-1: Foul Ball, location: 2F 0-2: Strikes out swinging
|
Batting: LHB Jose Peralez
|
0-0: Ball 1-0: Ball 2-0: Ball 3-0: Fly out, F7 (Flyball, 78S, EV 87.5 MPH)
|
Batting: RHB Settan Nakamura
|
0-0: Ball 1-0: Called Strike 1-1: Swinging Strike 1-2: Foul Ball, location: 2F 1-2: Ball 2-2: Foul Ball, location: 2F 2-2: Foul Ball, location: 2F 2-2: Strikes out looking
|
Bottom of the 6th over - 1 run, 1 hit, 0 errors, 0 left on base; Clemson University 1 - Oklahoma State University 3 |
TOP OF THE 7TH |
Clemson University Tigers batting - Pitching for Oklahoma State University Cowboys : RHP Cole Roome
|
Pitching: RHP Bin Li
|
|
Batting: RHB Neal Perucci
|
0-0: Ball 1-0: Foul Ball, location: 2F 1-1: Ground out 6-3 (Groundball, P, EV 91.2 MPH)
|
Batting: RHB Donovan Deason
|
0-0: Ball 1-0: Ground out 6-3 (Groundball, 6, EV 101.2 MPH)
|
Batting: RHB Ryan Thurston
|
0-0: Ball 1-0: Called Strike 1-1: Ball 2-1: Ball 3-1: Called Strike 3-2: Ground out U3 (Groundball, 34S, EV 63.8 MPH)
|
Top of the 7th over - 0 runs, 0 hits, 0 errors, 0 left on base; Clemson University 1 - Oklahoma State University 3 |
BOTTOM OF THE 7TH |
Oklahoma State University Cowboys batting - Pitching for Clemson University Tigers : RHP Cong Tung
|
Pitching: LHP Brian Anderson
|
|
Batting: RHB Ji-an See-to
|
0-0: Ball 1-0: Called Strike 1-1: Swinging Strike 1-2: Foul Ball, location: 2F 1-2: Foul Ball, location: 2F 1-2: Ball 2-2: Ball 3-2: Foul Ball, location: 2F 3-2: Foul Ball, location: 2F 3-2: Ground out 6-3 (Groundball, 4MD, EV 107.5 MPH)
|
Batting: RHB Ben Saxton
|
0-0: Fly out, F8 (Flyball, 8LD, EV 97.5 MPH)
|
Batting: LHB Rafael Banda
|
0-0: Ball 1-0: Swinging Strike 1-1: Ball 2-1: TRIPLE (Line Drive, 8RXD, EV 100.0 MPH)
|
Batting: RHB Masakuni Takeuchi
|
0-0: Intentional Walk
|
Batting: LHB Vecdi Ertegun
|
0-0: Fly out, F7 (Flyball, 7, EV 91.2 MPH)
|
Bottom of the 7th over - 0 runs, 1 hit, 0 errors, 2 left on base; Clemson University 1 - Oklahoma State University 3 |
TOP OF THE 8TH |
Clemson University Tigers batting - Pitching for Oklahoma State University Cowboys : RHP Bin Li
|
Batting: LHB Jayden Pelayo
|
0-0: Ball 1-0: Foul Ball, location: 2F 1-1: Called Strike 1-2: Ball 2-2: SINGLE (Groundball, 56D, EV 101.2 MPH)
|
Batting: RHB Chris Prinzing
|
0-0: SINGLE (Line Drive, 9S, EV 100.6 MPH) Jayden Pelayo to second
|
Batting: RHB Jorge Alva
|
0-0: SINGLE (Line Drive, 8RS, EV 96.2 MPH) Jayden Pelayo to third Chris Prinzing to second Runner from 3rd tries for Home, SAFE, throw by CF to home
|
Batting: RHB Josh LeSage
|
0-0: Fielders Choice at 2nd, 1-4 (Groundball, P, EV 72.5 MPH) Chris Prinzing to third
|
Batting: RHB Jason Duncan
|
0-0: Fly out, F3 (Popup, 3F, EV 78.1 MPH)
|
Batting: LHB Victor Reyna
|
0-0: Swinging Strike 0-1: Ball 1-1: Ball 2-1: Ball 3-1: Fly out, F3 (Popup, 3, EV 79.4 MPH)
|
Top of the 8th over - 1 run, 3 hits, 0 errors, 2 left on base; Clemson University 2 - Oklahoma State University 3 |
BOTTOM OF THE 8TH |
Oklahoma State University Cowboys batting - Pitching for Clemson University Tigers : LHP Brian Anderson
|
Pitching: RHP Joachim Marot
|
|
Batting: RHB Pedro Luera
|
0-0: Foul Ball, location: 2F 0-1: Ground out U3 (Groundball, 13, EV 91.2 MPH)
|
Batting: LHB Gong Tow
|
0-0: Called Strike 0-1: Ball 1-1: TRIPLE (Line Drive, 89XD, EV 100.0 MPH)
|
Batting: LHB Jose Peralez
|
0-0: Called Strike 0-1: Called Strike 0-2: Ball 1-2: Foul Ball, location: 2F 1-2: Ground out 4-3 (Groundball, 4, EV 103.8 MPH)
|
Batting: RHB Settan Nakamura
|
0-0: Fly out, F8 (Line Drive, 89M, EV 97.5 MPH)
|
Bottom of the 8th over - 0 runs, 1 hit, 0 errors, 1 left on base; Clemson University 2 - Oklahoma State University 3 |
TOP OF THE 9TH |
Clemson University Tigers batting - Pitching for Oklahoma State University Cowboys : RHP Bin Li
|
Pitching: RHP Andrew Dopp
|
|
Batting: RHB Neal Perucci
|
0-0: Ball 1-0: Ball 2-0: Ball 3-0: Base on Balls
|
Pinch Hitting: LHB David Mendez
|
0-0: Ball 1-0: Called Strike 1-1: Swinging Strike 1-2: Ball 2-2: Ball 3-2: Strikes out swinging
|
Pinch Hitting: RHB Wayne Watson
|
0-0: Ball 1-0: Fly out, F8 (Flyball, 8RM, EV 76.2 MPH)
|
Batting: LHB Jayden Pelayo
|
0-0: Called Strike 0-1: Ball 1-1: Ball 2-1: Foul Ball, location: 2F 2-2: Strikes out swinging
|
Top of the 9th over - 0 runs, 0 hits, 0 errors, 1 left on base; Clemson University 2 - Oklahoma State University 3 |
|